 Dungeon Crawl Stone Soup version 0.28-a0-1286-g6bde065e89 (webtiles) character file.

Game seed: 15496523951677255539

0 of5 the Chopper (level 1, -2/20 HPs)
             Began as a Hill Orc Cinder Acolyte on Dec 27, 2021.
             Was a High Priest of Ignis.
             Slain by a goblin (3 damage)
             ... on level 1 of the Dungeon.
             The game lasted 00:00:49 (30 turns).

of5 the Chopper (Hill Orc Cinder Acolyte)             Turns: 30, Time: 00:00:50

Health: -2/20      AC:  2    Str: 16    XL:     1   Next: 10%
Magic:  2/2        EV: 11    Int: 14    God:    Ignis [*****.]
Gold:   0          SH:  0    Dex:  6    Spells: 2/2 levels left

rFire   + . .      SeeInvis .   a - -1 hand axe (flame)
rCold   . . .      Faith    .   (no shield)
rNeg    . . .      Spirit   .   b - +0 robe
rPois   .          Reflect  .   (no helmet)
rElec   .          Harm     .   (no cloak)
rCorr   .          Rampage  .   (no gloves)
Will    .....                   (no boots)
Stlth   +.........              (no amulet)
HPRegen 0.06/turn               (no ring)
MPRegen 0.08/turn               (no ring)

@: no status effects
A: no striking features
a: Renounce Religion, Fiery Armour, Foxfire Swarm, Rising Flame


You were on level 1 of the Dungeon.
You worshipped Ignis.
Ignis was extremely pleased with you.
You visited 1 branch of the dungeon, and saw 1 of its levels.

Inventory:

Hand Weapons
 a - a -1 hand axe of flaming (weapon)
Armour
 b - a +0 robe (worn)


   Skills:
 + Level 3.7 Fighting
 + Level 4.0 Axes
 + Level 1.0 Spellcasting
 + Level 3.2 Fire Magic


You had 2 spell levels left.
You didn't know any spells.
Your spell library contained the following spells:

 Spells                   Type           Power      Damage    Failure   Level
 Scorch                   Fire           18%        2d5       11%         2


Dungeon Overview and Level Annotations

Branches:
Dungeon (1/15)

Altars:


Message History

The ball python bites you but does no damage.
The ball python constricts you.
You closely miss the ball python. The ball python bites you.
The ball python constricts you. The ball python closely misses you.
The ball python constricts you.
You closely miss the ball python. The ball python closely misses you.
The ball python constricts you.
You hit the ball python but do no damage.
The ball python bites you but does no damage.
The ball python constricts you.
You closely miss the ball python. The ball python bites you.
The ball python constricts you.
Something bites the plant.
The plant begins to die.
The ball python bites you. The ball python constricts you.
You barely miss the ball python.
Something bites the plant.
The ball python bites you. The ball python constricts you.
You barely miss the ball python.
Something bites the plant.
The ball python bites you.
* * * LOW HITPOINT WARNING * * *
The ball python constricts you.
* * * LOW HITPOINT WARNING * * *
Something bites the plant.
You hit the ball python. You burn the ball python.
You kill the ball python!
Something bites the plant.
The plant begins to die.
You closely miss the goblin.
A nearby plant withers and dies.
You hear a splashing noise.
You hit the goblin but do no damage. The goblin hits you with a +0 dagger.
* * * LOW HITPOINT WARNING * * *
A dart slug comes into view.
The kobold hits the plant with a +0 dagger.
The plant begins to die.
You barely miss the goblin.
The goblin splashes around in the water.
You barely miss the goblin.
A nearby plant withers and dies.
The goblin hits you with a +0 dagger.
* * * LOW HITPOINT WARNING * * *
The goblin closely misses you.
You barely miss the goblin. The goblin hits you with a +0 dagger.
You die...

..#.....#...#### #
#..8.....8...... .#
#.######.##.##.##.#
#..#.....#..#.....#
...........#.#...#
..............#.####.
############.........
##.#.##♣♣♣ #..@#
####g♣


♣lK rP≈P ≈≈≈♣ ≈P≈≈≈ ≈PwP ≈≈≈≈ You could see a dart slug, a goblin, a kobold, a
frilled lizard and a rat.

Vanquished Creatures
  A ball python (D:1)
1 creature vanquished.

Vanquished Creatures (others)
  3 plants (D:1)
3 creatures vanquished.

Grand Total: 4 creatures vanquished

Notes
Turn   | Place    | Note
-------+----------+-------------------------------------------
     0 | D:1      | of5 the Hill Orc Cinder Acolyte began the quest for the
                  | Orb.
     0 | D:1      | Reached XP level 1. HP: 19/19 MP: 2/2
    29 | D:1      | HP: 1/20 [goblin (1)]
    30 | D:1      | Slain by a goblin

Illustrated notes

Levels and vault maps discovered:
D:1:      scummos_arrival_simple_crosswalls, layout_basic, serial_bayou_lake_a

Action                   || total
-------------------------++-------
Melee: Hand axe          ||    14
Armor: Robe              ||     2
Dodge: Dodged            ||     4

Table legend: (Time is in decaauts)
 A = Elapsed time spent in this place.
 B = Non-inter-level travel time spent in this place.
 C = Inter-level travel time spent in this place.
 D = Time resting spent in this place.
 E = Time spent auto-exploring this place.
 F = Levels seen in this place.
 G = Mean time per level.
                   A        B        C        D        E       F      G
               +--------+--------+--------+--------+--------+-----+--------+
         Total |     31 |     31 |      0 |      0 |      9 |   1 |   31.0 |
       Dungeon |     31 |     31 |      0 |      0 |      9 |   1 |   31.0 |
               +--------+--------+--------+--------+--------+-----+--------+

Top non-repeatable levels by time:
     D:1: 31 daAuts
